[Event "Mitropa Cup Women 2019"]
[Site "Radenci"]
[Date "2019.05.28"]
[Round "2.5"]
[White "Georgescu, Lena"]
[Black "Medic, Mirjana"]
[Result "1-0"]
[ECO "C14"]
[WhiteElo "2191"]
[BlackElo "2253"]
[Annotator "ChessBase"]
[PlyCount "85"]
[EventDate "2019.05.27"]
[EventType "team-tourn"]
[EventCountry "SLO"]
[SourceTitle "playchess.com"]
[Source "ChessBase"]
[SourceQuality "1"]
[TimeControl "40/5400+30:1800+30"]

1. e4 e6 2. d4 d5 3. Nc3 Nf6 4. Bg5 Be7 5. e5 Nfd7 6. h4 h6 7. Be3 c5 8. Qg4 g6 9. Nf3 cxd4 10. Nxd4 Nc6 11. f4 a6 12. O-O-O Nc5 13. h5 Nxd4 14. Bxd4 g5 15. Kb1 Rg8 16. Be2 Bd7 17. fxg5 Rxg5 18. Qf4 Qc7 19. Rhf1 f5 20. exf6 Qxf4 21. Rxf4 Bd6 22. f7+ Kf8 23. Rf6 Rc8 24. Rdf1 Be5 25. Bxe5 Rxe5 26. Rxh6 Ke7 27. Rhf6 Rf8 28. R6f4 Bc6 29. g4 d4 30. Rxd4 Rxf7 31. Rxf7+ Kxf7 32. Rf4+ Kg7 33. b3 Rg5 34. Kb2 e5 35. Rf1 Ne6 36. Rg1 Nf4 37. Re1 Nxe2 38. Rxe2 Bf3 39. Re3 Bxg4 40. Ne4 Rxh5 41. Rg3 Rh4 42. Nf2 Kf7 43. Rxg4 1-0

[Event "Mitropa Cup Women 2019"]
[Site "Radenci"]
[Date "2019.05.28"]
[Round "2.6"]
[White "Cvitan, Ena"]
[Black "Hund, Barbara"]
[Result "1-0"]
[ECO "E41"]
[WhiteElo "2132"]
[BlackElo "2127"]
[Annotator "ChessBase"]
[PlyCount "116"]
[EventDate "2019.05.27"]
[EventType "team-tourn"]
[EventCountry "SLO"]
[SourceTitle "playchess.com"]
[Source "ChessBase"]
[SourceQuality "1"]
[TimeControl "40/5400+30:1800+30"]

1. d4 Nf6 2. c4 e6 3. Nc3 Bb4 4. e3 O-O 5. Bd3 c5 6. Nge2 d6 7. O-O Nc6 8. Bd2 e5 9. d5 Ne7 10. Qc2 Ng6 11. Ng3 a6 12. a3 Bxc3 13. Bxc3 Bd7 14. h3 b5 15. b3 Rb8 16. f4 exf4 17. exf4 bxc4 18. bxc4 Re8 19. Qd2 Nf8 20. Bc2 h6 21. Rae1 Rxe1 22. Rxe1 N8h7 23. Qd3 Nf8 24. Qf3 Bc8 25. Nf1 N6h7 26. g4 Rb7 27. Ng3 Re7 28. Rxe7 Qxe7 29. Qe4 Qh4 30. Kg2 Bd7 31. Qe3 Qd8 32. Nh5 f6 33. Ng3 Be8 34. Nf5 h5 35. Qe7 Qxe7 36. Nxe7+ Kh8 37. gxh5 Bxh5 38. Nc8 Be2 39. Nxd6 Nd7 40. Kf2 Bh5 41. Ba4 Nhf8 42. Ba5 g5 43. fxg5 fxg5 44. Ne4 g4 45. Ng3 Bg6 46. hxg4 Bd3 47. Bb3 Ne5 48. Bc3 Nfd7 49. Nf5 Kg8 50. Ne3 Kf7 51. Kg3 Ng6 52. Kf3 Nb6 53. Nf5 Nc8 54. Ke3 Bxf5 55. gxf5 Nge7 56. Kf4 Nd6 57. Be5 Nec8 58. Bxd6 Nxd6 {[%emt 0:00:07] Ke4} 1-0

[Event "Mitropa Cup Women 2019"]
[Site "Radenci"]
[Date "2019.05.28"]
[Round "2.7"]
[White "Hund, Sarah"]
[Black "Blazeka, Mihaela"]
[Result "1-0"]
[ECO "C54"]
[WhiteElo "2016"]
[BlackElo "2118"]
[Annotator "ChessBase"]
[PlyCount "73"]
[EventDate "2019.05.27"]
[EventType "team-tourn"]
[EventCountry "SLO"]
[SourceTitle "playchess.com"]
[Source "ChessBase"]
[SourceQuality "1"]
[TimeControl "40/5400+30:1800+30"]

1. e4 e5 2. Nf3 Nc6 3. Bc4 Bc5 4. d3 Nf6 5. O-O O-O 6. Bg5 d6 7. c3 Bg4 8. Nbd2 a6 9. Bb3 Qe7 10. h3 Bd7 11. Re1 Ba7 12. Nc4 h6 13. Bh4 g5 14. Bg3 Nh5 15. Bh2 Nf4 16. d4 Rad8 17. Ne3 exd4 18. cxd4 Qxe4 19. Bc2 Qe6 20. Bxf4 gxf4 21. Ng4 Qc4 22. b3 Qb5 23. Nxh6+ Kg7 24. Ng4 Qh5 25. Ngh2 Rg8 26. Kh1 f6 27. Qd2 Qh6 28. Re4 Bf5 29. Rxf4 Bxc2 30. Ng4 Qh7 31. Rxf6 Bg6 32. Ng5 Qh4 33. Ne6+ Kh7 34. Nxd8 Rxd8 35. Rf4 Kg7 36. d5 Ne7 37. Qc3+ 1-0

[Event "Mitropa Cup Women 2019"]
[Site "Radenci"]
[Date "2019.05.28"]
[Round "2.8"]
[White "Spiranec, Noemi"]
[Black "Pellicoro, Nathalie"]
[Result "1-0"]
[ECO "E63"]
[WhiteElo "2009"]
[BlackElo "1893"]
[Annotator "NA"]
[PlyCount "59"]
[EventDate "2019.05.27"]
[EventType "team-tourn"]
[EventCountry "SLO"]
[SourceTitle "playchess.com"]
[Source "ChessBase"]
[SourceQuality "1"]
[TimeControl "40/5400+30:1800+30"]

1. d4 Nf6 2. c4 g6 3. g3 Bg7 4. Bg2 O-O 5. Nc3 d6 6. Nf3 Nc6 7. O-O a6 8. Ne1 Rb8 9. Nc2 Na5 10. Qd3 c5 11. dxc5 Bf5 12. e4 Be6 13. Nd5 dxc5 14. Bf4 Rc8 15. Rad1 Ng4 16. Qe2 Bd7 17. Bh3 h5 18. f3 e6 19. fxg4 exd5 20. Rxd5 Nc6 21. Bd6 Nd4 22. Nxd4 Bxd4+ 23. Kh1 Re8 24. Qf3 Be6 25. gxh5 Bxd5 26. cxd5 Qxd6 27. Qxf7+ Kh8 28. Bxc8 Rxc8 29. hxg6 Bg7 30. Rf5 1-0

[Event "Mitropa Cup Women 2019"]
[Site "Radenci"]
[Date "2019.05.28"]
[Round "2.9"]
[White "Gueci, Tea"]
[Black "Pychova, Nela"]
[Result "0-1"]
[ECO "C43"]
[WhiteElo "2251"]
[BlackElo "2174"]
[Annotator "ChessBase"]
[PlyCount "128"]
[EventDate "2019.05.27"]
[EventType "team-tourn"]
[EventCountry "SLO"]
[SourceTitle "playchess.com"]
[Source "ChessBase"]
[SourceQuality "1"]
[TimeControl "40/5400+30:1800+30"]

1. e4 e5 2. Nf3 Nf6 3. d4 Nxe4 4. Bd3 d5 5. Nxe5 Bd6 6. O-O O-O 7. c4 c6 8. Nc3 Nxc3 9. bxc3 Qh4 10. f4 Nd7 11. Rb1 dxc4 12. Nxc4 Bc7 13. Qe1 Qxe1 14. Rxe1 b5 15. Ne5 Nxe5 16. fxe5 Ba5 17. Re3 Be6 18. Be4 Rfc8 19. Rg3 Bb6 20. Rb2 Rab8 21. Be3 Ba5 22. Bg5 Rb7 23. Kf2 Rd7 24. h3 a6 25. Rd3 g6 26. Rc2 Bc4 27. Rd1 Bb6 28. Be3 Bd8 29. Bc1 Be7 30. g3 Kg7 31. h4 h6 32. Bf3 Be6 33. Rcd2 a5 34. a3 Bb3 35. Re1 Be6 36. Red1 a4 37. Bb2 Bd8 38. Bxc6 Rxc6 39. d5 Bb6+ 40. Kf3 Bxd5+ 41. Rxd5 Rxd5 42. Rxd5 Rc5 43. Rxc5 Bxc5 44. Bc1 f5 45. exf6+ Kxf6 46. Ke4 Ke6 47. g4 h5 48. gxh5 gxh5 49. Bb2 Be7 50. Bc1 Bf6 51. Bd2 Be5 52. Kd3 Kd5 53. Bg5 Bd6 54. Bc1 Be7 55. c4+ bxc4+ 56. Kc3 Bxh4 57. Kb4 Be7+ 58. Kxa4 h4 59. Bf4 Bd6 60. Be3 h3 61. Bg1 h2 62. Bxh2 Bxh2 63. Kb4 Kd4 64. a4 c3 0-1

[Event "Mitropa Cup Women 2019"]
[Site "Radenci"]
[Date "2019.05.28"]
[Round "2.10"]
[White "Nemcova, Karin"]
[Black "Palma, Maria"]
[Result "0-1"]
[ECO "C14"]
[WhiteElo "1947"]
[BlackElo "2018"]
[Annotator "NA"]
[PlyCount "104"]
[EventDate "2019.05.27"]
[EventType "team-tourn"]
[EventCountry "SLO"]
[SourceTitle "playchess.com"]
[Source "ChessBase"]
[SourceQuality "1"]
[TimeControl "40/5400+30:1800+30"]

1. e4 e6 2. d4 d5 3. Nc3 Nf6 4. Bg5 Be7 5. e5 Nfd7 6. Bxe7 Qxe7 7. f4 a6 8. Nf3 c5 9. Qd2 Nc6 10. dxc5 O-O 11. O-O-O Nxc5 12. f5 Ne4 13. Nxe4 dxe4 14. f6 gxf6 15. exf6 Qxf6 16. Ng5 Qe5 17. Qe3 f5 18. g3 Nb4 19. Bc4 b5 20. Bb3 Nd5 21. Qc5 Rd8 22. Rhe1 Bb7 23. Bxd5 Bxd5 24. Nh3 Rdc8 25. Qa3 Rc6 26. Kb1 Rac8 27. Rd2 Rc4 28. Qe3 a5 29. Nf4 a4 30. Red1 a3 31. c3 R4c5 32. Nd3 Bxa2+ 33. Kxa2 exd3 34. Qxe5 Rxe5 35. Kxa3 Ra8+ 36. Kb3 Ra4 37. Rxd3 Re2 38. Rd7 Rxh2 39. Rb7 Ra8 40. Rxb5 Kf7 41. Rd3 Rh3 42. Rf3 Rg8 43. Rb7+ Kf6 44. Kc4 e5 45. Rb6+ Kg5 46. Re3 e4 47. b4 Kg4 48. Rf6 h5 49. Kd4 h4 50. b5 hxg3 51. Re2 Rd8+ 52. Ke5 Rh5 {[%emt 0:01:37] Kd4} 0-1

[Event "Mitropa Cup Women 2019"]
[Site "Radenci"]
[Date "2019.05.28"]
[Round "2.11"]
[White "Andolfatto, Maria"]
[Black "Koubova, Anna Marie"]
[Result "1-0"]
[ECO "E69"]
[WhiteElo "2041"]
[BlackElo "1975"]
[Annotator "NA"]
[PlyCount "81"]
[EventDate "2019.05.27"]
[EventType "team-tourn"]
[EventCountry "SLO"]
[SourceTitle "playchess.com"]
[Source "ChessBase"]
[SourceQuality "1"]
[TimeControl "40/5400+30:1800+30"]

1. Nf3 Nf6 2. c4 g6 3. g3 Bg7 4. Bg2 O-O 5. Nc3 d6 6. d4 Nbd7 7. O-O e5 8. e4 c6 9. h3 Qb6 10. Re1 exd4 11. Nxd4 Ng4 12. Nce2 Nge5 13. b3 Nc5 14. Be3 a5 15. Rb1 Re8 16. Nc3 Qb4 17. Qd2 a4 18. f4 Ned3 19. Red1 a3 20. e5 Nb2 21. Rf1 Ncd3 22. exd6 Qxd6 23. Nce2 Nb4 24. Rf2 c5 25. Nb5 Qe7 26. Rf3 Bf5 27. Rbf1 Be4 28. Nd6 Bxf3 29. Rxf3 Rad8 30. Bxc5 Qxe2 31. Qxe2 Rxe2 32. Bxb4 Bf8 33. c5 Bxd6 34. cxd6 Rc2 35. Bxa3 Rc1+ 36. Rf1 Rxf1+ 37. Kxf1 Nd1 38. Bc5 b5 39. Bc6 Nb2 40. Bxb5 Nd3 41. Bxd3 1-0

[Event "Mitropa Cup Women 2019"]
[Site "Radenci"]
[Date "2019.05.28"]
[Round "2.12"]
[White "Pribylova, Sofie"]
[Black "Raccanello, Marianna"]
[Result "1-0"]
[ECO "B38"]
[WhiteElo "2069"]
[BlackElo "2019"]
[Annotator "NA"]
[PlyCount "55"]
[EventDate "2019.05.27"]
[EventType "team-tourn"]
[EventCountry "SLO"]
[SourceTitle "playchess.com"]
[Source "ChessBase"]
[SourceQuality "1"]
[TimeControl "40/5400+30:1800+30"]

1. e4 c5 2. Nf3 g6 3. d4 cxd4 4. Nxd4 Bg7 5. c4 Nf6 6. Nc3 Nc6 7. Be3 O-O 8. Be2 d6 9. O-O Bd7 10. Qd2 a5 11. b3 Nxd4 12. Bxd4 Bc6 13. f3 Nd7 14. Be3 Nc5 15. Rab1 Be5 16. Rfd1 e6 17. Bd4 Qe7 18. Qe3 f5 19. Bxe5 dxe5 20. exf5 exf5 21. Nd5 Bxd5 22. Rxd5 Nd7 23. Rbd1 Rfd8 24. Qd2 a4 25. Rxd7 Rxd7 26. Qxd7 Qc5+ 27. Kh1 axb3 28. Qxb7 1-0

[Event "Mitropa Cup Women 2019"]
[Site "Radenci"]
[Date "2019.05.28"]
[Round "2.13"]
[White "Havanecz, Bianka"]
[Black "Motycakova, Monika"]
[Result "1-0"]
[ECO "D44"]
[WhiteElo "2279"]
[BlackElo "2150"]
[Annotator "ChessBase"]
[PlyCount "75"]
[EventDate "2019.05.27"]
[EventType "team-tourn"]
[EventCountry "SLO"]
[SourceTitle "playchess.com"]
[Source "ChessBase"]
[SourceQuality "1"]
[TimeControl "40/5400+30:1800+30"]

1. d4 d5 2. c4 c6 3. Nf3 Nf6 4. Nc3 e6 5. Bg5 h6 6. Bh4 dxc4 7. e4 g5 8. Bg3 b5 9. e5 Nd5 10. Nd2 Nd7 11. Be2 Bb7 12. O-O Qb6 13. Nde4 O-O-O 14. a4 a6 15. Bh5 Rh7 16. axb5 cxb5 17. Qb1 Rg7 18. Rd1 Be7 19. b3 cxb3 20. Qxb3 Kb8 21. Be2 Nf4 22. Bxf4 gxf4 23. Bf3 f5 24. Nd2 Rdg8 25. g3 fxg3 26. hxg3 f4 27. Bxb7 fxg3 28. Bxa6 gxf2+ 29. Kf1 Rg1+ 30. Ke2 b4 31. Qc4 f1=Q+ 32. Rxf1 R8g2+ 33. Ke1 Bh4+ 34. Kd1 Rxf1+ 35. Nxf1 Rg8 36. Na4 Qa5 37. Qxe6 Rg2 38. Qc6 1-0

[Event "Mitropa Cup Women 2019"]
[Site "Radenci"]
[Date "2019.05.28"]
[Round "2.14"]
[White "Ferkova, Dominika"]
[Black "Juhasz, Barbara"]
[Result "1-0"]
[ECO "E81"]
[WhiteElo "2037"]
[BlackElo "2207"]
[Annotator "ChessBase"]
[PlyCount "53"]
[EventDate "2019.05.27"]
[EventType "team-tourn"]
[EventCountry "SLO"]
[SourceTitle "playchess.com"]
[Source "ChessBase"]
[SourceQuality "1"]
[TimeControl "40/5400+30:1800+30"]

1. d4 Nf6 2. c4 g6 3. Nc3 Bg7 4. e4 d6 5. f3 O-O 6. Nge2 c5 7. Be3 Nc6 8. d5 Ne5 9. Ng3 h5 10. Be2 h4 11. Nf1 e6 12. Bg5 Qb6 13. Qd2 exd5 14. cxd5 h3 15. g3 c4 16. Be3 Qa5 17. Bd4 Nfd7 18. Ne3 b5 19. O-O b4 20. Ncd1 Ba6 21. f4 Nd3 22. Bxg7 Kxg7 23. Nxc4 Bxc4 24. Bxd3 Bxa2 25. Nf2 Nc5 26. Bc4 Nxe4 27. Qd4+ 1-0

[Event "Mitropa Cup Women 2019"]
[Site "Radenci"]
[Date "2019.05.28"]
[Round "2.15"]
[White "Gaal, Zsoka"]
[Black "Sankova, Stella"]
[Result "1-0"]
[ECO "A11"]
[WhiteElo "2044"]
[BlackElo "2013"]
[Annotator "NA"]
[PlyCount "179"]
[EventDate "2019.05.27"]
[EventType "team-tourn"]
[EventCountry "SLO"]
[SourceTitle "playchess.com"]
[Source "ChessBase"]
[SourceQuality "1"]
[TimeControl "40/5400+30:1800+30"]

1. Nf3 d5 2. g3 c6 3. Bg2 Bg4 4. c4 e6 5. cxd5 Bxf3 6. Bxf3 cxd5 7. O-O Nf6 8. d4 {[%emt 0:00:43] A11: English Opening: 1...c6} Be7 9. Nc3 Nc6 10. e3 O-O 11. Bd2 a6 12. Be2 $146 ({Predecessor:} 12. Rc1 Ne8 13. Na4 Nd6 14. b3 Ne4 15. Be1 f5 {1-0 (32) Karjakin,S (2775)-Jakovenko,D (2741) Moscow 2012}) 12... b5 13. Rc1 Qb6 14. Bd3 Rfc8 15. Qe2 Na5 16. Rc2 Nc4 17. Rfc1 Qb7 18. Nb1 Ne4 19. Be1 Ncd6 20. Nd2 Rxc2 21. Rxc2 Rc8 22. Nb3 Nc4 23. Qd1 Qd7 24. Na5 Ned6 25. Qc1 Bd8 26. Nb3 Bb6 27. Bb4 Rc7 28. Bc5 Bxc5 29. Nxc5 Qc8 30. b3 Nb6 31. a4 Nd7 32. Nxd7 Rxc2 33. Qxc2 Qxd7 34. axb5 axb5 35. Bxh7+ Kh8 36. Bd3 g6 37. Qc5 Kg7 38. h4 Kh6 39. Be2 Kg7 40. Kg2 Kh7 41. Bd3 Kg7 42. Qb6 Kh6 43. Be2 Kg7 44. Bd3 $2 (44. Bf1 $18) 44... Kh6 $1 45. Kf1 Kg7 46. Qc5 Kh6 47. Ke1 Kg7 48. Kd2 Qd8 49. Ke2 Qd7 50. Kd1 f5 51. Ke1 Kh6 52. Kf1 Kg7 53. Kg2 Kf6 54. Qb6 Kf7 55. Be2 Kg7 56. Kg1 Kf6 57. Qb8 Kg7 58. Kg2 Kh7 59. Qf8 Ne4 60. h5 g5 $2 (60... Nd6 61. b4 gxh5 62. Bxh5 Qc7) 61. h6 Nd6 62. Bd3 g4 63. Kg1 Qc7 (63... Kg6 $142 64. Kh2 Ne8) 64. Qf6 Qd7 65. Qg5 Kh8 66. Qg6 Qe7 67. h7 Qe8 68. Qxe8+ Nxe8 69. Bxb5 Nc7 70. Bd7 Kxh7 71. b4 Kg6 72. b5 Kf6 73. b6 Na6 74. b7 Nb8 75. Bc8 e5 76. dxe5+ Kxe5 77. Kf1 $18 Nc6 78. Ke1 Ke4 79. Be6 Ke5 80. Bd7 Nb8 81. Bc8 Ke4 82. Kd2 Na6 83. Kc3 Kf3 84. Kd4 Kxf2 85. Bxf5 Kxg3 86. Kxd5 Kf3 87. e4 g3 88. Bh3 g2 89. Bxg2+ $1 Kxg2 90. e5 1-0

[Event "Mitropa Cup Women 2019"]
[Site "Radenci"]
[Date "2019.05.28"]
[Round "2.16"]
[White "Milcova, Zuzana"]
[Black "Kovacs, Judit"]
[Result "1/2-1/2"]
[ECO "B22"]
[WhiteElo "2093"]
[BlackElo "2025"]
[Annotator "NA"]
[PlyCount "91"]
[EventDate "2019.05.27"]
[EventType "team-tourn"]
[EventCountry "SLO"]
[SourceTitle "playchess.com"]
[Source "ChessBase"]
[SourceQuality "1"]
[TimeControl "40/5400+30:1800+30"]

1. e4 c5 2. c3 d5 3. exd5 Qxd5 4. d4 Nf6 5. Nf3 e6 6. Na3 Nc6 7. Be2 Qd8 8. Nc2 Be7 9. O-O O-O 10. h3 {[%emt 0:01:49] B22: Sicilian: 2 c3} (10. Ne5 cxd4 11. Nxc6 bxc6 12. Qxd4 c5 13. Qxd8 Rxd8 14. Na3 Rb8 15. Re1 Kf8 16. Kf1 Nd5 17. Nc4 Bb7 18. Na5 {½-½ (39) Tiviakov,S (2674)-Lenic,L (2565) Kallithea 2009}) 10... Qc7 $146 ({Predecessor:} 10... b6 11. Bf4 Bb7 12. Qd2 cxd4 13. Ncxd4 Nxd4 14. Nxd4 Nd5 15. Bg3 Bd6 16. Bxd6 Qxd6 17. Bf3 Qe7 {½-½ (35) Strange,M (2364)-Jakobsen,P (2174) Allerod 2019}) 11. dxc5 Rd8 12. Qe1 Bxc5 13. Be3 Bxe3 14. Nxe3 b6 15. Rd1 Bb7 16. Rxd8+ Rxd8 17. Qc1 Ne7 18. Rd1 Ned5 19. Nxd5 Nxd5 20. Qg5 Rc8 21. Rd4 Nf6 22. Qe5 Kf8 23. Qxc7 Rxc7 24. Ne5 Ke7 25. Bf3 Bxf3 26. Nxf3 Nd7 27. Kf1 e5 28. Rd2 f6 29. Ne1 Nc5 30. Nc2 Rd7 31. Rxd7+ Kxd7 32. Ne3 Nd3 33. Nd1 Nf4 34. h4 Ke6 35. g3 Nd3 36. a3 b5 37. Ke2 e4 38. Kd2 Ne5 39. b3 g6 40. Ne3 Kd6 41. Nc2 Ng4 42. Ke2 a5 43. Nd4 Kc5 $11 44. Ne6+ Kd5 45. Nc7+ Kc6 46. Ne6 1/2-1/2

[Event "Mitropa Cup Women 2019"]
[Site "Radenci"]
[Date "2019.05.29"]
[Round "3.1"]
[White "Pychova, Nela"]
[Black "Havanecz, Bianka"]
[Result "0-1"]
[ECO "C00"]
[WhiteElo "2174"]
[BlackElo "2279"]
[Annotator "NA"]
[PlyCount "82"]
[EventDate "2019.05.27"]
[EventType "team-tourn"]
[EventCountry "SLO"]
[SourceTitle "playchess.com"]
[Source "ChessBase"]
[SourceQuality "1"]
[WhiteTeam "Czech Republic"]
[BlackTeam "Hungary"]
[WhiteTeamCountry "CZE"]
[BlackTeamCountry "HUN"]
[TimeControl "40/5400+30:1800+30"]

1. Nf3 d5 2. g3 Nf6 3. Bg2 e6 4. O-O Be7 5. d3 O-O 6. Nbd2 c5 7. e4 Nc6 8. Re1 Qc7 9. Nf1 b5 10. e5 Nd7 11. Bf4 Bb7 12. h4 Rfc8 {[%emt 0:00:06] C00: French: Unusual White 2nd moves} 13. h5 (13. Ne3 Qd8 14. Ng4 Bf8 15. Bg5 Qe8 16. c3 h6 17. Bf4 a5 18. Qd2 b4 19. c4 Ne7 20. h5 {1-0 (59) Kuzubov,Y (2699)-Grischuk,A (2772) Riadh 2017}) 13... h6 14. N1h2 Qd8 15. Qd2 a5 16. g4 a4 17. a3 b4 {[%emt 0:01:55] [#]} 18. g5 $146 ({Predecessor:} 18. c3 bxc3 19. bxc3 Na5 20. Qc2 {1-0 (42) Petrosian,T (2610)-Koustav,C (2325) Abu Dhabi 2018}) 18... hxg5 19. Nxg5 Ndxe5 20. Nxe6 fxe6 21. Bxe5 Nxe5 22. Rxe5 Bf6 23. Rae1 Bxe5 24. Rxe5 bxa3 (24... Rc7 $17 25. Ng4 c4 26. Qxb4 cxd3 27. cxd3 Qe7 28. Qxe7 Rxe7) 25. bxa3 Ra6 26. h6 (26. Rg5 $11) 26... Rc7 27. Ng4 Qh4 28. Qf4 Rf7 29. h7+ Qxh7 30. Qg5 Rd6 31. Re3 e5 32. Rxe5 $17 Qg6 33. Qh4 Rf5 34. Re3 d4 35. Rg3 Bxg2 36. Kxg2 Qf7 37. Rh3 Qd5+ 38. f3 Rg6 39. Qh8+ Kf7 40. Qh4 Rxg4+ 41. Qxg4 Rg5 0-1

[Event "Mitropa Cup Women 2019"]
[Site "Radenci"]
[Date "2019.05.29"]
[Round "3.2"]
[White "Varga, Klara"]
[Black "Nemcova, Karin"]
[Result "1-0"]
[ECO "A36"]
[WhiteElo "2146"]
[BlackElo "1947"]
[Annotator "NA"]
[PlyCount "69"]
[EventDate "2019.05.27"]
[EventType "team-tourn"]
[EventCountry "SLO"]
[SourceTitle "playchess.com"]
[Source "ChessBase"]
[SourceQuality "1"]
[WhiteTeam "Hungary"]
[BlackTeam "Czech Republic"]
[WhiteTeamCountry "HUN"]
[BlackTeamCountry "CZE"]
[TimeControl "40/5400+30:1800+30"]

1. c4 c5 2. Nc3 Nc6 3. g3 g6 4. Bg2 Bg7 5. e3 e6 6. Nge2 $11 Nge7 7. O-O O-O 8. Nf4 Rb8 9. Rb1 a6 10. a3 b5 11. cxb5 axb5 12. b4 cxb4 13. axb4 d5 14. d4 Nf5 15. Qc2 Bd7 16. h4 h5 17. Qe2 Nd6 18. Bf3 Bf6 19. Kg2 Kg7 20. Bxh5 gxh5 21. Nxh5+ Kh8 22. e4 dxe4 23. Qd2 Nf5 24. Nxe4 Bxd4 25. Bb2 Rg8 26. Nd6 Qf8 27. Nxf5 Bxb2 28. Qxd7 Ne5 29. Qd1 exf5 30. Rxb2 Qh6 31. Re1 Rbd8 32. Qc2 Qxh5 33. Rxe5 Qxh4 34. Rxf5 Rd6 35. Rxf7 1-0

[Event "Mitropa Cup Women 2019"]
[Site "Radenci"]
[Date "2019.05.29"]
[Round "3.3"]
[White "Koubova, Anna Marie"]
[Black "Gaal, Zsoka"]
[Result "1/2-1/2"]
[ECO "E69"]
[WhiteElo "1975"]
[BlackElo "2044"]
[Annotator "NA"]
[PlyCount "52"]
[EventDate "2019.05.27"]
[EventType "team-tourn"]
[EventCountry "SLO"]
[SourceTitle "playchess.com"]
[Source "ChessBase"]
[SourceQuality "1"]
[WhiteTeam "Czech Republic"]
[BlackTeam "Hungary"]
[WhiteTeamCountry "CZE"]
[BlackTeamCountry "HUN"]
[TimeControl "40/5400+30:1800+30"]

1. d4 Nf6 2. c4 g6 3. g3 Bg7 4. Bg2 O-O 5. Nc3 d6 6. Nf3 Nbd7 7. O-O e5 8. e4 c6 9. h3 Qa5 10. Be3 Nb6 11. Qd3 exd4 12. Nxd4 Qh5 13. g4 Bxg4 14. hxg4 Nxg4 15. Nf3 Be5 16. Rfe1 f5 17. c5 fxe4 18. Nxe4 Nd5 19. Nxe5 Nxe5 20. Qe2 Nf3+ 21. Bxf3 Rxf3 22. Ng5 Qg4+ 23. Kh2 Qh4+ 24. Kg1 Qg4+ 25. Kh2 Qh4+ 26. Kg1 Qg4+ 1/2-1/2

[Event "Mitropa Cup Women 2019"]
[Site "Radenci"]
[Date "2019.05.29"]
[Round "3.4"]
[White "Kovacs, Judit"]
[Black "Pribylova, Sofie"]
[Result "1-0"]
[ECO "A16"]
[WhiteElo "2025"]
[BlackElo "2069"]
[Annotator "NA"]
[PlyCount "85"]
[EventDate "2019.05.27"]
[EventType "team-tourn"]
[EventCountry "SLO"]
[SourceTitle "playchess.com"]
[Source "ChessBase"]
[SourceQuality "1"]
[WhiteTeam "Hungary"]
[BlackTeam "Czech Republic"]
[WhiteTeamCountry "HUN"]
[BlackTeamCountry "CZE"]
[TimeControl "40/5400+30:1800+30"]

1. Nf3 Nf6 2. c4 g6 3. Nc3 d5 4. cxd5 Nxd5 5. h4 h5 6. e4 Nxc3 7. dxc3 Qxd1+ 8. Kxd1 Bg4 9. Kc2 f6 10. e5 Nc6 11. Bd3 Kf7 12. Re1 Bh6 13. Bxh6 Rxh6 14. Bc4+ Kg7 15. exf6+ exf6 16. Bd5 Rf8 17. Bxc6 bxc6 18. Nd4 c5 19. Ne6+ Bxe6 20. Rxe6 g5 21. Rc6 Rf7 22. Rxc5 gxh4 23. Rh1 Rg6 24. Rh2 f5 25. b4 Kf8 26. Kb3 Ke8 27. f3 Kd7 28. Rxh4 Rxg2 29. Rxh5 f4 30. Rhf5 Rgg7 31. Kc4 c6 32. Kd4 Kd6 33. Ke4 Rxf5 34. Rxf5 Rg2 35. a4 Rc2 36. Kd3 Ra2 37. a5 Ke6 38. Rxf4 c5 39. Kc4 cxb4 40. cxb4 a6 41. Rh4 Rc2+ 42. Kd4 Kd7 43. Rh6 1-0

[Event "Mitropa Cup Women 2019"]
[Site "Radenci"]
[Date "2019.05.29"]
[Round "3.5"]
[White "Medic, Mirjana"]
[Black "Gueci, Tea"]
[Result "1/2-1/2"]
[ECO "D38"]
[WhiteElo "2253"]
[BlackElo "2251"]
[Annotator "ChessBase"]
[PlyCount "131"]
[EventDate "2019.05.27"]
[EventType "team-tourn"]
[EventCountry "SLO"]
[SourceTitle "playchess.com"]
[Source "ChessBase"]
[SourceQuality "1"]
[WhiteTeam "Croatia"]
[BlackTeam "Italy"]
[WhiteTeamCountry "CRO"]
[BlackTeamCountry "ITA"]
[TimeControl "40/5400+30:1800+30"]

1. d4 Nf6 2. c4 e6 3. Nf3 d5 4. Nc3 Bb4 5. Qa4+ Nc6 6. e3 O-O 7. Bd2 Bd7 8. Qc2 dxc4 9. Bxc4 Re8 10. a3 Bd6 11. h3 a6 12. O-O h6 13. Rfe1 e5 14. d5 Ne7 15. e4 b5 16. Bf1 c6 17. dxc6 Bxc6 18. Rad1 Qb8 19. Be3 Rd8 20. Nd2 Qb7 21. f3 Rac8 22. Qb3 Bb8 23. Ndb1 Ba7 24. Ne2 Bd7 25. Ng3 Be6 26. Rxd8+ Rxd8 27. Qc3 Nc6 28. Bc5 Bxc5+ 29. Qxc5 Nd7 30. Qe3 Nd4 31. Rc1 Rc8 32. Rxc8+ Qxc8 33. Nc3 Nb6 34. Qf2 Nc4 35. Bxc4 Qxc4 36. Nh5 Qc5 37. Kh1 f6 38. Ng3 a5 39. Qd2 b4 40. axb4 axb4 41. Nd1 Kf7 42. Ne3 Nb3 43. Qe2 Nc1 44. Qd2 Nb3 45. Qe2 g6 46. Ngf1 Nd4 47. Qd2 h5 48. h4 b3 49. Kh2 Nc2 50. Nd1 Qd4 51. Qxd4 exd4 52. Kg3 Ke7 53. Kf4 Ne1 54. g4 hxg4 55. fxg4 Bc4 56. Nd2 Bd3 57. Nf2 Bc2 58. h5 g5+ 59. Kg3 Kf7 60. Kh2 Kg7 61. Kg1 Kf7 62. Kf1 Nd3 63. Nxd3 Bxd3+ 64. Kf2 Bc2 65. Ke2 Kg7 66. Kf2 1/2-1/2

[Event "Mitropa Cup Women 2019"]
[Site "Radenci"]
[Date "2019.05.29"]
[Round "3.6"]
[White "Santeramo, Alessia"]
[Black "Cvitan, Ena"]
[Result "0-1"]
[ECO "B15"]
[WhiteElo "2074"]
[BlackElo "2132"]
[Annotator "NA"]
[PlyCount "86"]
[EventDate "2019.05.27"]
[EventType "team-tourn"]
[EventCountry "SLO"]
[SourceTitle "playchess.com"]
[Source "ChessBase"]
[SourceQuality "1"]
[WhiteTeam "Italy"]
[BlackTeam "Croatia"]
[WhiteTeamCountry "ITA"]
[BlackTeamCountry "CRO"]
[TimeControl "40/5400+30:1800+30"]

1. e4 c6 2. d4 d5 3. Nc3 dxe4 4. Nxe4 Nf6 5. Nxf6+ exf6 6. c3 Bd6 7. Bd3 O-O 8. Qc2 Re8+ {[%emt 0:00:19] B15: Caro-Kann: 3 Nc3: 3...g6 and 3...dxe4 4 Nxe4 Nf6 5 Nxf6+ exf6} 9. Ne2 (9. Be3 h6 10. Ne2 Na6 11. O-O Nc7 12. c4 Bg4 13. h3 Bxe2 14. Bxe2 Ne6 15. Rad1 Qc7 16. Bg4 Rad8 17. Rfe1 Bf4 18. Bxf4 Nxf4 19. Rxe8+ Rxe8 {½-½ (58) Svidler,P (2756)-Carlsen,M (2839) Porto Carras 2018}) 9... h5 10. Be3 Nd7 11. O-O-O Nf8 12. Kb1 Be6 13. c4 $146 ({Predecessor:} 13. Kc1) 13... Rc8 14. Nc3 Bb4 15. Bd2 b5 16. d5 cxd5 17. Nxb5 Bxd2 (17... dxc4 $19 18. Be4 {[#]} c3 $1 19. Nxc3 Qa5) 18. Rxd2 Qb6 19. Na3 Qb4 20. Qc3 Qxc3 21. bxc3 dxc4 22. Be2 Rc5 23. Ka1 Bd5 24. Rg1 g6 $17 25. g3 Nd7 26. Bxc4 Bxc4 27. Nxc4 Rxc4 28. Rxd7 Re2 29. Rb1 Rxc3 30. h4 Rxf2 31. Rxa7 Rxg3 32. Rb8+ Kg7 33. a4 Ra3+ 34. Kb1 Rh3 35. Rb2 Rxb2+ 36. Kxb2 Rxh4 37. a5 Re4 38. Rb7 h4 39. Ka3 h3 40. Rb3 h2 41. Rb1 g5 42. Rh1 Re2 43. a6 Re6 0-1